 Dungeon Crawl Stone Soup version 0.20.1-1-g8b1a95d (webtiles) character file.

7284 HammerPanzer the Basher (level 10, -1/85 HPs)
             Began as a Demonspawn Berserker on Oct 29, 2017.
             Was a High Priest of Trog.
             Slain by a killer bee (8 damage)
             ... on level 10 of the Dungeon.
             The game lasted 00:35:51 (10889 turns).

HammerPanzer the Basher (Demonspawn Berserker)     Turns: 10889, Time: 00:35:52

Health: -1/85      AC: 15    Str: 20      XL:     10   Next: 89%
Magic:  10/10      EV:  8    Int:  9      God:    Trog [*****.]
Gold:   121        SH:  3    Dex: 11 (13) Spells: 9/9 levels left

rFire    . . .     SeeInvis .   l - +5 morningstar
rCold    + . .     Gourm    .   I - +0 buckler
rNeg     + . .     Faith    .   M - +3 scale mail {rC+}
rPois    +         Spirit   .   (no helmet)
rElec    .         Reflect  .   q - +1 cloak
rCorr    .         Harm     .   t - +0 pair of gloves
MR       .....     Rnd*Rage +   g - +2 pair of boots
Stlth    ..........             (no amulet)
Regen    0.3/turn               y - ring of positive energy
MPRegen  0.2/turn               x - ring of poison resistance

@: berserk cooldown, slowed, extremely drained, very slow
A: claws 2, berserk 1, powered by death 2
a: Berserk, Trog's Hand, Brothers in Arms, Burn Spellbooks, Renounce Religion


You were on level 10 of the Dungeon.
You worshipped Trog.
Trog was extremely pleased with you.
You were very hungry.

You visited 1 branch of the dungeon, and saw 12 of its levels.

You collected 604 gold pieces.
You spent 483 gold pieces at shops.

Inventory:

Hand Weapons
 j - a +2 dire flail of crushing
 l - a +5 morningstar (weapon)
 p - a +3 mace
 v - a +4 dire flail
 L - a +3 flail of draining
Missiles
 n - 35 poisoned needles (quivered)
 A - 5 needles of confusion
Armour
 g - a +2 pair of boots (worn)
 q - a +1 cloak (worn)
 t - a +0 pair of gloves (worn)
 w - a scarf of cloud immunity
 I - a +0 buckler (worn)
 M - a +3 scale mail of cold resistance (worn)
Jewellery
 d - an uncursed ring of magical power
 x - a ring of poison resistance (right hand)
 y - a ring of positive energy (left hand)
Wands
 G - a wand of enslavement (15/24)
 J - a wand of lightning (9/15)
 N - a wand of flame (30/48)
Scrolls
 h - a scroll of enchant armour
 o - 6 scrolls of remove curse
 r - 2 scrolls of recharging
 C - a scroll of torment {unknown}
 H - 3 scrolls of magic mapping
 K - a scroll of noise {unknown}
Potions
 a - 2 potions of magic
 b - 3 potions of curing
 f - 3 potions of mutation
 i - a potion of haste {unknown}
 k - a potion of invisibility
 m - a potion of ambrosia
 z - 2 potions of might
 D - 3 potions of agility
 E - a potion of resistance {unknown}
 F - a potion of berserk rage {unknown}
Miscellaneous
 e - a box of beasts
Comestibles
 c - 2 bread rations
 s - 8 meat rations
 u - 3 fruits


   Skills:
 + Level 10.1(0.0) Fighting
 * Level 12.6(0.0) Maces & Flails
 - Level 1.7(0.0) Armour
 - Level 1.7(0.0) Dodging


You had 9 spell levels left.
You didn't know any spells.

Dungeon Overview and Level Annotations

Branches:
Dungeon (12/15)            Temple (0/1) D:4
   Lair: D:8-11         Orc: D:9-12

Altars:
Ashenzari
Cheibriados
Fedhas
Hepliaklqana
Kikubaaqudgha
Nemelex Xobeh
Okawaru
Qazlal
Sif Muna
Trog
Uskayaw
Vehumet
Xom
The Shining One
Beogh

Shops:
D:8 (   D:11 [}


Innate Abilities, Weirdness & Mutations

You have very sharp fingernails.
You regenerate health from kills.
You tend to lose your temper in combat.


Message History

The killer bee stings you!
* * * LOW HITPOINT WARNING * * *
You closely miss the killer bee.
The killer bee stings you but does no damage.
You block the killer bee's attack.
The killer bee stings you but does no damage.
The killer bee completely misses you.
The killer bee stings you but does no damage.
You miss the killer bee. The killer bee stings you.
* * * LOW HITPOINT WARNING * * *
The killer bee completely misses you. You block the killer bee's attack.
The killer bee stings you but does no damage.
Okay, then.
You barely miss the killer bee. The killer bee completely misses you.
The killer bee closely misses you. The killer bee barely misses you.
The killer bee stings you but does no damage.
You closely miss the killer bee.
The killer bee stings you but does no damage. x4
The killer bee stings you!
You die...

####...########.##....#
##....# #.......#
##.#.# ###.##### #...#
#.# ## ##.## #.# #.#
#.# #.# ...#.#.#### #.#
#.# #......[..####.#
#.#### #...#.......y@.#
#.##.##
......#.#.######
#.#.#.# ......(##.#
#..###. #..##.# #.#
##.## ## #. ... ..#
#.## # . .## ### ##.##
## ##.###. ##.#.# ##.##


You could see a killer bee.

Vanquished Creatures
  3 two-headed ogres
  Sonja (D:11)
  A komodo dragon (D:9)
  A meliai zombie (D:10)
  A wyvern (D:10)
  2 hungry ghosts
  5 orc warriors
  3 ice beasts
  2 ogres
  4 sky beasts
  A phantom (D:9)
  6 bullfrogs
  5 killer bees (D:10)
  2 scorpions
  9 wights
  A howler monkey (D:7)
  5 crimson imps
  2 quasits
  A jelly (D:7)
  A gnoll shaman (D:7)
  3 hounds
  A centaur skeleton (D:5)
  4 orc priests
  6 orc wizards
  2 bullfrog skeletons
  2 iguanas
  Jessica (D:2)
  9 worker ants
  A hound zombie (D:6)
  A hound skeleton (D:6)
  8 gnolls
  15 adders
  A shadow imp (D:6)
  2 oozes
  4 adder skeletons
  A worm (D:4)
  5 dart slugs
  3 leopard geckos
  46 orcs
  5 giant cockroaches
  5 goblins
  14 hobgoblins
  16 jackals
  5 quokkas
  2 ball pythons (D:3)
  9 bats
  7 frilled lizards
  8 kobolds
  A leopard gecko skeleton (D:6)
  A quokka skeleton (D:7)
  8 rats
252 creatures vanquished.

Vanquished Creatures (others)
  3 plants (D:9)
3 creatures vanquished.

Grand Total: 255 creatures vanquished

Notes
Turn   | Place    | Note
-------+----------+-------------------------------------------
     0 | D:1      | HammerPanzer the Demonspawn Berserker began the quest for the Orb.
     0 | D:1      | Reached XP level 1. HP: 18/18 MP: 1/1
   349 | D:1      | Reached skill level 3 in Maces & Flails
   467 | D:1      | Gained mutation: You have sharp fingernails. [demonic ancestry]
   467 | D:1      | Reached XP level 2. HP: 23/24 MP: 2/2
   872 | D:1      | Reached XP level 3. HP: 23/29 MP: 3/3
  1192 | D:2      | Reached ** piety under Trog
  1238 | D:2      | Noticed Jessica
  1243 | D:2      | Killed Jessica
  1325 | D:2      | Reached skill level 4 in Maces & Flails
  1325 | D:2      | Reached XP level 4. HP: 37/37 MP: 4/4
  1843 | D:2      | Found a bloodstained altar of Trog.
  1960 | D:2      | Gained mutation: You have very sharp fingernails. [demonic ancestry]
  1960 | D:2      | Reached XP level 5. HP: 25/42 MP: 5/5
  2773 | D:3      | Reached *** piety under Trog
  2893 | D:3      | Reached skill level 5 in Maces & Flails
  3198 | D:3      | Found a glowing golden altar of the Shining One.
  3383 | D:4      | Reached XP level 6. HP: 41/49 MP: 6/6
  3453 | D:4      | Noticed an ice beast
  3469 | D:4      | Killed an ice beast
  3539 | D:4      | Found a hazy altar of Hepliaklqana.
  3540 | D:4      | Found a shimmering altar of Xom.
  3540 | D:4      | Noticed a hell beast
  3541 | D:4      | Noticed a spectral ugly thing
  3541 | D:4      | Noticed a hell beast
  3610 | D:4      | Reached skill level 5 in Fighting
  3694 | D:4      | Reached skill level 6 in Maces & Flails
  4061 | D:4      | Gained mutation: You regenerate a little health from kills. [demonic ancestry]
  4061 | D:4      | Reached XP level 7. HP: 56/56 MP: 7/7
  4072 | D:4      | Found a staircase to the Ecumenical Temple.
  4096 | D:4      | Found a hide-covered altar of Uskayaw.
  4097 | D:4      | Found a deep blue altar of Sif Muna.
  4145 | D:4      | Found an iron altar of Okawaru.
  4147 | D:4      | Found an ancient bone altar of Kikubaaqudgha.
  4153 | D:4      | Found a shattered altar of Ashenzari.
  4156 | D:4      | Found a snail-covered altar of Cheibriados.
  4251 | D:5      | Entered Level 5 of the Dungeon
  4342 | D:5      | Reached **** piety under Trog
  4614 | D:5      | Reached skill level 7 in Maces & Flails
  5133 | D:6      | Reached XP level 8. HP: 64/64 MP: 8/8
  5326 | D:6      | Gained mutation: You tend to lose your temper in combat. [mutagenic meat]
  5377 | D:6      | Reached skill level 8 in Maces & Flails
  5397 | D:6      | Found a radiant altar of Vehumet.
  5471 | D:6      | Found a stormy altar of Qazlal.
  6007 | D:7      | Reached skill level 9 in Maces & Flails
  6399 | D:7      | Gained mutation: You regenerate health from kills. [demonic ancestry]
  6399 | D:7      | Reached XP level 9. HP: 61/72 MP: 9/9
  6551 | D:7      | Reached ***** piety under Trog
  6637 | D:7      | Found a blossoming altar of Fedhas.
  7315 | D:8      | Reached skill level 10 in Maces & Flails
  7411 | D:8      | Received a gift from Trog
  7517 | D:8      | Found Karph's Antique Weapon Emporium.
  7528 | D:8      | Noticed a two-headed ogre
  7535 | D:8      | Killed a two-headed ogre
  7682 | D:8      | Found a sparkling altar of Nemelex Xobeh.
  7824 | D:8      | Found a radiant altar of Vehumet.
  8107 | D:8      | Found a roughly hewn altar of Beogh.
  8492 | D:8      | Reached skill level 11 in Maces & Flails
  8937 | D:9      | Reached XP level 10. HP: 76/82 MP: 10/10
  9031 | D:10     | Entered Level 10 of the Dungeon
  9521 | D:11     | Noticed a two-headed ogre
  9531 | D:11     | Killed a two-headed ogre
  9662 | D:11     | Found Woururax's Antique Armour Shop.
  9679 | D:11     | Bought a glowing scale mail for 203 gold pieces
  9774 | D:11     | Noticed Sonja
  9776 | D:11     | Noticed a two-headed ogre
  9806 | D:11     | Killed a two-headed ogre
 10127 | D:11     | Found Hefes's Gadget Shoppe.
 10133 | D:11     | Bought a box of beasts for 280 gold pieces
 10262 | D:11     | Killed Sonja
 10262 | D:11     | Reached skill level 12 in Maces & Flails
 10519 | D:10     | Reached skill level 10 in Fighting
 10889 | D:10     | Slain by a killer bee

Skill      XL: |  1  2  3  4  5  6  7  8  9 10 |
---------------+-------------------------------+-----
Maces & Flails | 3 4 5 6 7 9 11 12 | 12.6
Fighting       | 4 5 6 7 8 10 | 10.1
Armour         | |  1.7
Dodging        | |  1.7

Action                   |  1- 3 |  4- 6 |  7- 9 | 10-12 || total
-------------------------+-------+-------+-------+-------++-------
Melee: Mace              |    98 |   174 |       |       ||   272
       Morningstar       |       |   127 |   396 |   217 ||   740
       Flail             |       |       |    29 |       ||    29
Invok: Berserk           |     4 |     2 |    13 |    10 ||    29
  Use: Scroll            |       |    10 |     7 |     6 ||    23
       Potion            |       |       |       |    13 ||    13
 Stab: Sleeping          |       |       |       |     1 ||     1
  Eat: Chunk             |     5 |    11 |    23 |     5 ||    44
       Royal jelly       |       |       |     1 |       ||     1
       Bread ration      |       |       |     1 |     2 ||     3
       Fruit             |       |       |       |     3 ||     3
Armor: Animal skin       |     3 |       |       |       ||     3
       Leather armour    |    18 |   154 |   175 |     9 ||   356
       Scale mail        |       |       |       |   318 ||   318
Dodge: Dodged            |    73 |   256 |   220 |   232 ||   781
Block: Buckler           |       |       |    19 |    59 ||    78
